 Dungeon Crawl Stone Soup version 0.17.2-1-ge4368a0 (webtiles) character file.

2 Goblin1989 the Vexing (level 1, -2/13 HPs)
             Began as a Demonspawn Enchanter on July 9, 2018.
             Slain by a kobold
             ... wielding a +0 short sword
              (6 damage)
             ... on level 1 of the Dungeon.
             The game lasted 00:00:38 (176 turns).

Goblin1989 the Vexing (Demonspawn Enchanter)         Turns: 176, Time: 00:00:38

Health: -2/13      AC:  3    Str:  8    XL:     1   Next: 33%
Magic:  2/3        EV: 12    Int: 16    God:
Gold:   18         SH:  0    Dex: 13    Spells: 1 memorised, 3 levels left

rFire  . . .     SeeInvis .     a - +1 dagger
rCold  . . .     Clarity  .     b - +1 robe
rNeg   . . .     SustAt   .     (no shield)
rPois  .         Gourm    .     (no helmet)
rElec  .         Spirit   .     (no cloak)
rCorr  .         Warding  .     (no gloves)
rMut   .         Stasis   .     (no boots)
MR     .....                    (no amulet)
Stlth  ++........               (no ring)
                                (no ring)

@: not resistant to hostile enchantments, unstealthy
A: no striking features
a: no special abilities


You were on level 1 of the Dungeon.
You were not hungry.

You visited 1 branch of the dungeon, and saw 1 of its levels.

You collected 18 gold pieces.

Inventory:

Hand Weapons
 a - a +1 dagger (weapon)
Missiles
 h - 5 curare-tipped needles
Armour
 b - a +1 robe (worn)
Scrolls
 g - a scroll of enchant armour {unknown}
 i - a scroll of identify {unknown}
Potions
 d - a potion of lignification {unknown}
 f - 2 potions of haste {unknown}
Books
 c - a book of Maledictions

   Spells                             Type                      Level
   a - Corona                         Hexes                        1
   b - Ensorcelled Hibernation        Hexes/Ice                    2
   c - Confuse                        Hexes                        3
   d - Tukima's Dance                 Hexes                        3
   e - Dazzling Spray                 Conjuration/Hexes            3
Comestibles
 e - a bread ration {@e1}


   Skills:
 + Level 1.2 Short Blades
 - Level 1.7 Dodging
 - Level 2.6 Stealth
 - Level 2.0 Spellcasting
 - Level 3.0 Hexes


You had 3 spell levels left.
You knew the following spells:

 Your Spells              Type           Power        Failure   Level  Hunger
a - Corona                Hex            ##.....      8%          1    #......


Dungeon Overview and Level Annotations

Branches:
Dungeon (1/15)

Altars:


Message History

You closely miss the kobold.
The kobold is heavily wounded.
The kobold hits you but does no damage.
You hit the kobold.
You kill the kobold!
Your Short Blades skill increases to level 1!
Unknown command.
A giant newt comes into view.
The helpless giant newt fails to defend itself.
You puncture the giant newt!
You kill the giant newt!
No target in view!
No target in view!
No target in view!
No target in view!
No target in view!
No target in view!
No target in view!
No target in view!
No target in view!
No target in view!
No target in view!
No target in view!
No target in view!
No target in view!
No target in view!
No target in view!
No target in view!
No target in view!
No target in view!
No target in view!
No target in view!
No target in view!
No target in view!
You see here a giant newt corpse.
Key pressed, stopping explore.
Found a stone staircase leading down.
HP restored.
There is a stone staircase leading down here.
You open the door.
There is an open door here.
You now have 18 gold pieces (gained 7).
h - 5 curare-tipped needles Health restored: 13
i - a scroll labeled MAVIDI BAQOSTRO 2 kobolds come into view.
The kobold shouts!
The kobold shouts!
You hit the kobold but do no damage.
You hear a shout!
The kobold hits you with a short sword.
You take 1 damage, and have 12/13 hp.
You barely miss the kobold. The kobold barely misses you.
The kobold closely misses you.
A kobold comes into view. It is wielding a short sword.
You hit the kobold but do no damage. The kobold hits you with a short sword.
You take 1 damage, and have 11/13 hp.
You hit the kobold.
You kill the kobold!
The kobold hits you with a short sword.
You take 4 damage, and have 7/13 hp.
O_OOPS!!
MASSIVE DAMAGE!!
You are too injured to fight recklessly!
You are too injured to fight recklessly!
You are too injured to fight recklessly!
You are too injured to fight recklessly!
You are too injured to fight recklessly!
You are too injured to fight recklessly!
Unknown command.
There is an open door here.
Casting: Corona
Confirm with . or Enter, or press ? or * to list all spells.
Aiming: Corona
Press: ? - help, Shift-Dir - straight line, f - kobold
Aim: a kobold, wielding a short sword (chance to defeat MR: 82%)
The kobold is outlined in light.
You now have 2/3 mp.
You closely miss the kobold. The kobold barely misses you.
You hit the kobold.
The kobold is moderately wounded.
The kobold hits you with a short sword.
* * * LOW HITPOINT WARNING * * *
You take 4 damage, and have 4/13 hp.
O_OOPS!!
MASSIVE DAMAGE!!
You hit the kobold but do no damage.
The kobold is moderately wounded.
The kobold hits you with a short sword.
* * * LOW HITPOINT WARNING * * *
You take 1 damage, and have 3/13 hp.
You hit the kobold.
The kobold is heavily wounded.
The kobold misses you.
You completely miss the kobold.
The kobold is heavily wounded.
The kobold hits you but does no damage.
Unknown command.
You hit the kobold.
The kobold is almost dead.
You barely miss the kobold.
The kobold is almost dead.
The kobold hits you with a short sword.
You die... █.█ █.. ██████.█ █......█ █.██████ █.█ █ ███ █████

█.█ █
..█████...████████████████.███
..........∆...KK@.........>..█
..█████...██████████████████.██
█ ..........█ █..█ █
..........█ ██.███ ..........█
███ █.██. ............$ █<█
█.██. ██........██.█ █.█ █....
█.....████ █ █.█ █.... █.....█
█.█ █....


You could see 2 kobolds.

Vanquished Creatures
  2 kobolds (D:1)
  A giant newt (D:1)
3 creatures vanquished.

Notes
Turn   | Place    | Note
--------------------------------------------------------------
     0 | D:1      | Goblin1989 the Demonspawn Enchanter began the quest for the Orb.
     0 | D:1      | Reached XP level 1. HP: 13/13 MP: 3/3
    59 | D:1      | Reached skill level 1 in Short Blades
   176 | D:1      | Slain by a kobold

Action                   || total
-------------------------++-------
Melee: Dagger            ||    18
 Cast: Corona            ||     1
 Stab: Sleeping          ||     1

Vault maps used:
D:1:      lemuel_arrival_cross
